 Dungeon Crawl Stone Soup version 0.31-a0-360-gb3e1d13bf4 (webtiles) character file.

Game seed: 15791945718305667094

992 CraigForest the Grappler (level 8, -2/55 HPs)
             Began as a Meteoran Shapeshifter on July 26, 2023.
             Was a Follower of Nemelex Xobeh.
             Slain by a gnoll sergeant
             ... wielding a +0 spear
              (7 damage)
             ... on level 6 of the Dungeon.
             The game lasted 00:35:03 (2235 turns).

CraigForest the Grappler (Meteoran Shapeshifter)    Turns: 2235, Time: 00:35:06

Health: -2/55      AC:  4    Str: 16    XL:     8   Next: 69%
Magic:  9/9        EV: 13    Int: 22    God:    Nemelex Xobeh [*.....]
Gold:   234        SH:  0    Dex: 15    Spells: 7/7 levels left

rFire   . .          .
                       - Unarmed
rCold   . . .        m - orb {light}
rNeg    . . .        t - +2 robe {Will+}
rPois   +            (helmet currently unavailable)
rElec   .            (cloak currently unavailable)
rCorr   .            (gloves currently unavailable)
SInv    .            (boots currently unavailable)
Will    ++...        (no amulet)
Stlth   +            i - +6 ring of intelligence
HPRegen 0.29/turn    u - +6 ring of intelligence
MPRegen 0.11/turn

%: no passive effects
@: beast-form, glowing
A: beast (slay +4), sense surroundings 1, otherworldly, glowing, explore regen,
frail 1, poison resistance, weak 1
a: Begin Untransformation, Renounce Religion, Draw Escape, Draw Destruction,
Draw Summoning


You were on level 6 of the Dungeon.
You worshipped Nemelex Xobeh.
Nemelex Xobeh was aware of your devotion.
You were a hulking beast.
You visited 1 branch of the dungeon, and saw 6 of its levels.

You collected 234 gold pieces.

Inventory:

Hand Weapons
 h - a +1 war axe
Missiles
 q - 2 throwing nets
Armour
 a - a +0 animal skin
 f - a +0 pair of boots
 k - a +0 robe
 m - an orb of light (worn)
 p - a +0 leather armour
 r - a +0 pair of gloves
 t - a +2 robe of willpower (worn)
Jewellery
 i - a +6 ring of intelligence (left hand)
 u - a +6 ring of intelligence (right hand)
Talismans
 c - a beast talisman
Scrolls
 n - 2 scrolls of teleportation
 s - 2 scrolls of identify
Potions
 b - a potion of lignification
 d - a potion of attraction
 e - a potion of resistance
 g - a potion of heal wounds
 j - 3 potions of might
 l - a potion of berserk rage
 o - 2 potions of brilliance
 v - a potion of curing {unknown}


   Skills:
 + Level 2.4 Fighting
 + Level 1.8 Armour
 + Level 4.3 Dodging
 + Level 8.9 Unarmed Combat
 + Level 5.8 Shapeshifting


You had 7 spell levels left.
You didn't know any spells.
Your spell library contained the following spells:

 Spells                   Type           Power      Damage    Failure   Level
 Lesser Beckoning         Tloc           0%         N/A       26%         2
 Gell's Gravitas          Tloc           0%         N/A       45%         3
 Teleport Other           Tloc           0%         N/A       45%         3


Dungeon Overview and Level Annotations

Branches:
Dungeon (6/15) Zot: 1386
 Temple: D:4-7

Altars:
Hepliaklqana
Nemelex Xobeh

Shops:
D:3 ?   D:4 *


Innate Abilities, Weirdness & Mutations

You are a hulking beast.
Your limbs bulge with bestial killing power. (Slay +4)
You passively map a small area around you.
You are easily found by Zot.
You glow in the dark.
You regain HP and MP as you explore.
You are frail. (-10% HP)
Your system is resistant to poisons. (rPois)
You are weak. (Str -2)


Message History

* * * LOW HITPOINT WARNING * * *
Unknown command.
You hit the gnoll.
You kill the gnoll!
The gnoll throws a throwing net.
The throwing net hits you.
You become entangled in the net!
The orc barely misses you. The gnoll sergeant closely misses you.
You struggle against the net.
The gnoll barely misses you. The orc closely misses you.
The gnoll sergeant hits you with a +0 spear.
You struggle against the net.
The gnoll completely misses you. The orc hits you with a +0 short sword.
The gnoll sergeant barely misses you.
You struggle against the net.
The gnoll barely misses you. The orc hits you with a +0 short sword.
The gnoll sergeant hits you with a +0 spear.
You rip the net and break free!
The gnoll hits you from afar with a +0 spear.
The orc hits you but does no damage.
The gnoll sergeant hits you with a +0 spear.
* * * LOW HITPOINT WARNING * * *
You punch the gnoll sergeant!
The gnoll sergeant is severely wounded.
The gnoll sergeant blocks your attack.
The gnoll sergeant is severely wounded.
The gnoll throws a throwing net.
The throwing net closely misses you. The orc completely misses you.
The gnoll sergeant misses you.
You hit the gnoll sergeant but do no damage.
The gnoll sergeant is severely wounded.
The gnoll barely misses you. The orc hits you with a +0 short sword.
* * * LOW HITPOINT WARNING * * *
The gnoll sergeant closely misses you.
You hit the gnoll sergeant.
The gnoll sergeant is almost dead.
The gnoll hits you from afar with a +0 spear.
* * * LOW HITPOINT WARNING * * *
The orc hits you with a +0 short sword.
* * * LOW HITPOINT WARNING * * *
The gnoll sergeant hits you with a +0 spear!
You die...
Your body disappears without additional glow.

.##*####### * *, ,
...##.....### ##* *
* .......>....# ,...
, ............# ....
,
...........(##....,
, . * ,,
......o..........
..?)..)h.........,
.....gg)....##..,, ,
* , ............# *
* * ,
............#####
#####
,,................##
...<.
.................#
...##
...#..#..........#
.....
.................#
##..##
,.#.............#


You could see a gnoll sergeant (drained), a gnoll (misshapen) and an orc.

Vanquished Creatures
  Sigmund (D:5)
  Menkaure (D:4)
  An ogre (D:5)
  A black bear (D:4)
  A scorpion (D:5)
  2 bullfrogs (D:6)
  2 gnoll boudas
  2 sleepcaps
  14 gnolls
  6 adders
  3 worms (D:3)
  3 dart slugs
  5 orcs
  A bat (D:1)
  7 endoplasms
  4 giant cockroaches
  4 goblins
  2 hobgoblins
  3 kobolds
  A quokka (D:2)
  3 ball pythons
  A frilled lizard (D:2)
  3 rats
71 creatures vanquished.

Notes
Turn   | Place    | Note
-------+----------+-------------------------------------------
     0 | D:1      | CraigForest the Meteoran Shapeshifter began the quest for
                  | the Orb.
     0 | D:1      | Reached XP level 1. HP: 16/16 MP: 2/2
    71 | D:1      | Reached XP level 2. HP: 23/23 MP: 3/3
   100 | D:1      | Reached skill level 4 in Unarmed Combat
   419 | D:2      | Reached XP level 3. HP: 22/28 MP: 4/4
   440 | D:2      | Found a sparkling altar of Nemelex Xobeh.
   449 | D:2      | Became a worshipper of Nemelex Xobeh the Trickster
   626 | D:2      | Gained mutation: You are weak. (Str -2) [potion of
                  | mutation]
   626 | D:2      | Gained mutation: You are frail. (-10% HP) [potion of
                  | mutation]
   626 | D:2      | Gained mutation: Your system is resistant to poisons.
                  | (rPois) [potion of mutation]
   656 | D:2      | Reached XP level 4. HP: 29/31 MP: 5/5
  1147 | D:3      | Reached XP level 5. HP: 33/36 MP: 6/6
  1151 | D:3      | Reached skill level 5 in Unarmed Combat
  1160 | D:3      | HP: 1/36 [gnoll/+0 whip[a gnoll bouda] (3)]
  1229 | D:3      | Reached XP level 6. HP: 20/42 MP: 7/7
  1294 | D:3      | Found Lumnaf's Magic Scroll Boutique.
  1401 | D:3      | Reached * piety under Nemelex Xobeh
  1542 | D:4      | Noticed Menkaure
  1544 | D:4      | Found Olelelyu's Assorted Antiques.
  1552 | D:4      | Killed Menkaure
  1553 | D:4      | Reached skill level 6 in Unarmed Combat
  1553 | D:4      | Reached skill level 5 in Shapeshifting
  1553 | D:4      | Reached XP level 7. HP: 9/46 MP: 8/8
  1632 | D:4      | You fall into a shaft and drop 1 floor!
  1632 | D:5      | Entered Level 5 of the Dungeon
  1698 | D:5      | Found a hazy altar of Hepliaklqana.
  1706 | D:5      | Reached skill level 7 in Unarmed Combat
  1828 | D:5      | Noticed Sigmund
  1834 | D:5      | Killed Sigmund
  1835 | D:5      | Reached skill level 1 in Armour
  1835 | D:5      | Reached XP level 8. HP: 54/54 MP: 9/9
  1934 | D:5      | Received a gift from Nemelex Xobeh
  2048 | D:5      | Reached skill level 8 in Unarmed Combat
  2235 | D:6      | Slain by a gnoll sergeant

Illustrated notes

Levels and vault maps discovered:
D:1:      giann_wishing_wells, layout_loops_ring, minmay_worlds_worst_comb
D:2:      layout_loops_ring, basic_altar
D:3:      layout_loops_ring, serial_shops, shop, chequers_serial_rivers_small_3
D:4:      layout_basic, lemuel_coloured_pillars_altar,
          mainiacjoe_overflow_boulevard, serial_shops,
          nicolae_shop_window_shopping, hangedman_decor_clover_reticule,
          dreamdust_princess_bridge, uniq_menkaure
D:5:      layout_loops_cross, mainiacjoe_overflow_brackets, uniq_eustachio,
          uniq_sigmund
D:6:      layout_rooms, temple_doors_ab, chequers_serial_rivers_room_a

Skill      XL: |  1  2  3  4  5  6  7  8 |
---------------+-------------------------+-----
Unarmed Combat | 4 5 6 7 8 |  8.9
Shapeshifting  | 4 5 |  5.8
Dodging        | 3 4 |  4.3
Fighting       | 2 |  2.4
Armour         | 1 |  1.8

Action                     |  1- 3 |  4- 6 |  7- 9 || total
---------------------------+-------+-------+-------++-------
  Melee: Unarmed           |    53 |    72 |    67 ||   192
         Punch             |     1 |       |       ||     1
 Invoke: Draw Destruction  |       |       |     2 ||     2
         Draw Escape       |       |       |     1 ||     1
    Use: Scroll            |     4 |     9 |     1 ||    14
         Potion            |     1 |     1 |     1 ||     3
 Armour: Animal skin       |     5 |     5 |       ||    10
         Skin              |       |     4 |       ||     4
         Leather armour    |       |     1 |     6 ||     7
         Robe              |       |       |     8 ||     8
  Dodge: Dodged            |    25 |    16 |    57 ||    98

Table legend: (Time is in decaauts)
 A = Elapsed time spent in this place.
 B = Non-inter-level travel time spent in this place.
 C = Inter-level travel time spent in this place.
 D = Time resting spent in this place.
 E = Time spent auto-exploring this place.
 F = Levels seen in this place.
 G = Mean time per level.
                   A        B        C        D        E       F      G
               +--------+--------+--------+--------+--------+-----+--------+
         Total |   2212 |    690 |   1522 |      0 |     69 |   6 |  368.7 |
       Dungeon |   2212 |    690 |   1522 |      0 |     69 |   6 |  368.7 |
               +--------+--------+--------+--------+--------+-----+--------+

Top non-repeatable levels by time:
     D:2: 573 daAuts
     D:3: 532 daAuts
     D:5: 456 daAuts
     D:1: 402 daAuts
     D:6: 136 daAuts
     D:4: 111 daAuts
